 Dungeon Crawl Stone Soup version 0.32-a0-975-g85d4e5bfdb (webtiles) character file.

Game seed: 1474015399011341686

364 Fodor the Chopper (level 6, -5/53 HPs)
             Began as a Minotaur Fighter on Apr 18, 2024.
             Slain by an ogre
             ... wielding a +0 giant club
              (14 damage)
             ... on level 4 of the Dungeon.
             The game lasted 00:05:32 (2112 turns).

Fodor the Chopper (Minotaur Fighter)                Turns: 2112, Time: 00:05:32

Health: -5/53      AC:  8    Str: 22    XL:     6   Next: 39%
Magic:  5/5        EV:  8    Int:  5    God:
Gold:   274        SH:  4    Dex: 10    Spells: 5/5 levels left

rFire   . . .        a - +0 war axe
rCold   . . .        c - +0 buckler
rNeg    . . .        b - +0 scale mail
rPois   .            (helmet restricted)
rElec   .            (no cloak)
rCorr   .            (no gloves)
SInv    .            h - +0 pair of boots
Will    .....        (no amulet) Stlth
                     (no ring)
HPRegen 0.28/turn    (no ring)
MPRegen 0.09/turn

%: no passive effects
@: no status effects
A: horns 2, retaliatory headbutt
a: no special abilities


You were on level 4 of the Dungeon.
You visited 1 branch of the dungeon, and saw 4 of its levels.

You collected 274 gold pieces.

Inventory:

Hand Weapons
 a - a +0 war axe (weapon)
Armour
 b - a +0 scale mail (worn)
 c - a +0 buckler (worn)
 h - a +0 pair of boots (worn)
Jewellery
 l - a ring of willpower
Scrolls
 e - a scroll of poison {unknown}
 i - 2 scrolls of vulnerability {unknown}
 k - 2 scrolls of enchant armour {unknown}
 m - a scroll of teleportation {unknown}
 n - a scroll of immolation {unknown}
Potions
 d - 2 potions of might
 f - 2 potions of degeneration {unknown}
 g - a potion of lignification {unknown}
 j - a potion of attraction {unknown}


   Skills:
 + Level 4.6 Fighting
 + Level 6.2 Axes
 + Level 4.8 Armour
 + Level 1.0 Dodging
 + Level 0.5 Stealth
 + Level 4.4 Shields


You had 5 spell levels left.
You didn't know any spells.
Your spell library contained the following spells:

 Spells                   Type           Power      Damage    Failure   Level
 Apportation              Tloc           0%         N/A       85%         1
 Necrotise                Necr           0%         1d4       85%         1
 Sting                    Conj/Alch      0%         1d3       85%         1
 Summon Small Mammal      Summ           0%         N/A       85%         1
 Call Imp                 Summ           0%         N/A       94%         2
 Jinxbite                 Hex            0%         N/A       94%         2
 Sublimation of Blood     Necr           0%         N/A       94%         2
 Alistair's Intoxication  Alch           0%         N/A       100%        5
 Summon Hydra             Summ           0%         N/A       100%        7


Dungeon Overview and Level Annotations

Branches:
Dungeon (4/15)
 Temple: D:4-7

Altars:

Shops:
D:3 [


Innate Abilities, Weirdness & Mutations

You have a pair of horns on your head.
You reflexively headbutt those who attack you in melee.


Message History

The phantom hits you but does no damage.
The phantom attacks as it pursues you! The phantom hits you.
The phantom blinks!
You blink.
You hit the phantom but do no damage. You headbutt the phantom!
The phantom is almost destroyed.
The phantom hits you but does no damage.
You closely miss the phantom. Your headbutt misses the phantom.
The phantom is almost destroyed.
The phantom hits you but does no damage.
You hit the phantom but do no damage. Your headbutt misses the phantom.
The phantom is almost destroyed.
The phantom barely misses you.
You slash the phantom!
You destroy the phantom!
Your Axes skill increases to level 6!
Your Dodging skill increases to level 1!
You see here a +0 robe.
n - a scroll labelled QEURRARR DUEDD You see here a +0 robe.
An ogre and a jackal come into view.
The ogre shouts!
The jackal barks!
You hear a bark!
The jackal moves out of view.
You block the jackal's attack. You block the jackal's attack.
The jackal attacks as it pursues you! The jackal barely misses you.
The jackal bites you but does no damage.
The jackal bites you but does no damage.
The jackal barely misses you. You furiously retaliate!
You headbutt the jackal!
You kill the jackal!
The ogre attacks as it pursues you!
The ogre hits you with a +0 giant club!!
Ouch! That really hurt!
You hear a bark!
The ogre hits you with a +0 giant club!
* * * LOW HITPOINT WARNING * * *
You slash the ogre! You headbutt the ogre.
The ogre is heavily wounded.
A jackal comes into view.
The ogre hits you with a +0 giant club!
You die...

# #.# ####.#..
#.####.###### #.##.
###........ ..# #....
.........####.#
.#####..#. #.....#.#
..........
#.####.###.#.########..##
#......# #[............#
######h###.#.#########.#
#.O@..#.#########.#
#######...........#
#############


You could see an ogre and a jackal.

Vanquished Creatures
  An ogre (D:4)
  A phantom (D:4)
  A scorpion (D:4)
  2 orc priests
  2 ribbon worms
  A dart slug (D:2)
  7 orcs
  6 ball pythons
  4 endoplasms
  4 giant cockroaches (D:1)
  5 hobgoblins
  8 jackals
  2 quokkas
  4 bats
  2 frilled lizards (D:2)
  6 goblins
  5 kobolds
  7 rats
68 creatures vanquished.

Notes
Turn   | Place    | Note
-------+----------+-------------------------------------------
     0 | D:1      | Fodor the Minotaur Fighter began the quest for the Orb.
     0 | D:1      | Reached XP level 1. HP: 19/19 MP: 0/0
    84 | D:1      | Reached XP level 2. HP: 16/27 MP: 1/1
   619 | D:2      | Reached skill level 3 in Axes
   624 | D:2      | Reached XP level 3. HP: 19/33 MP: 2/2
  1316 | D:3      | Found a faded altar of an unknown god.
  1374 | D:3      | Reached skill level 4 in Axes
  1374 | D:3      | Reached XP level 4. HP: 27/40 MP: 3/3
  1519 | D:3      | Found Feruah's Armour Emporium.
  1606 | D:4      | Noticed a scorpion
  1616 | D:4      | Killed a scorpion
  1617 | D:4      | Reached XP level 5. HP: 27/47 MP: 4/4
  1620 | D:4      | Reached skill level 5 in Axes
  1943 | D:4      | Noticed an ogre
  1956 | D:4      | Killed an ogre
  1957 | D:4      | Reached XP level 6. HP: 24/53 MP: 5/5
  2086 | D:4      | Reached skill level 6 in Axes
  2086 | D:4      | Reached skill level 1 in Dodging
  2112 | D:4      | Slain by an ogre

Illustrated notes

Levels and vault maps discovered:
D:1:      sevenhm_arrival_forest_fort_small_3, layout_rooms,
          chequers_serial_rivers_room_b
D:2:      layout_rooms
D:3:      layout_basic, serial_shops, nicolae_shop_competitors_out_of_business,
          chequers_ecumenical_altar_island, dreamdust_wishing_well
D:4:      layout_loops_ring

Skill      XL: |  1  2  3  4  5  6 |
---------------+-------------------+-----
Armour         | 4 |  4.8
Shields        | 4 |  4.4
Axes           | 3 4 5 6 |  6.2
Fighting       | 4 |  4.6
Dodging        | 1 |  1.0
Stealth        | |  0.5

Action                     |  1- 3 |  4- 6 || total
---------------------------+-------+-------++-------
  Melee: War axe           |    95 |    50 ||   145
         Headbutt          |    10 |     4 ||    14
    Use: Potion            |       |     1 ||     1
 Armour: Scale mail        |    70 |    36 ||   106
  Dodge: Dodged            |    48 |    27 ||    75
  Block: Buckler           |    21 |     9 ||    30

Table legend: (Time is in decaauts)
 A = Elapsed time spent in this place.
 B = Non-inter-level travel time spent in this place.
 C = Inter-level travel time spent in this place.
 D = Time resting spent in this place.
 E = Time spent auto-exploring this place.
 F = Levels seen in this place.
 G = Mean time per level.
                   A        B        C        D        E       F      G
               +--------+--------+--------+--------+--------+-----+--------+
         Total |   2164 |   2156 |      8 |    308 |   1062 |   4 |  541.0 |
       Dungeon |   2164 |   2156 |      8 |    308 |   1062 |   4 |  541.0 |
               +--------+--------+--------+--------+--------+-----+--------+

Top non-repeatable levels by time:
     D:1: 600 daAuts
     D:2: 537 daAuts
     D:4: 514 daAuts
     D:3: 511 daAuts
